 Dungeon Crawl Stone Soup version 0.23-a0-703-gdf2d5e0 (webtiles) character file.

720 DrEnzyme the Skirmisher (level 7, -9/55 HPs)
             Began as a Mummy Wanderer on Jan 13, 2019.
             Shot with an arrow by a centaur (11 damage)
             ... on level 5 of the Dungeon on Jan 14, 2019.
             The game lasted 00:36:09 (7335 turns).

DrEnzyme the Skirmisher (Mummy Wanderer)            Turns: 7335, Time: 00:36:10

Health: -9/55      AC:  2    Str: 18    XL:     7   Next: 42%
Magic:  1/13       EV: 11    Int: 10    God:
Gold:   207        SH:  0    Dex: 12    Spells: 12/14 levels left

rFire    x . .     SeeInvis .   a - +0 hand crossbow
rCold    + . .     Gourm    .   (no shield)
rNeg     + + +     Faith    .   e - +0 robe
rPois    ∞         Spirit   .   (no helmet)
rElec    .         Reflect  .   (no cloak)
rCorr    .         Harm     .   (no gloves)
MR       .....                  (no boots)
Stlth    +.........             (no amulet)
HPRegen  0.18/turn              (no ring)
MPRegen  0.13/turn              (no ring)

@: very slightly contaminated
A: no food or potions, fire vulnerability, cold resistance 1, negative energy
resistance 3, torment resistance, unbreathing
a: no special abilities


You were on level 5 of the Dungeon.
You were not hungry.

You visited 1 branch of the dungeon, and saw 5 of its levels.

You collected 207 gold pieces.

Inventory:

Hand Weapons
 a - a +0 hand crossbow (weapon)
 b - a +0 hunting sling
 h - a +0 short sword
Missiles
 c - 13 poisoned needles
 d - 11 bolts (quivered)
 g - 3 needles of paralysis
 m - an arrow
 n - 178 stones
 r - 12 sling bullets
Armour
 e - a +0 robe (worn)
Jewellery
 l - an uncursed ring of ice
Scrolls
 i - a scroll of immolation
 q - a scroll of fog


   Skills:
 * Level 4.7 Fighting
 + Level 2.0(2.1) Slings
 + Level 4.4 Crossbows
 - Level 1.0(1.6) Throwing
 * Level 4.0 Spellcasting
 - Level 3.2 Transmutations
   Level 1.0 Ice Magic
   Level 1.0 Evocations


You had 12 spell levels left.
You knew the following spells:

 Your Spells              Type           Power        Failure   Level  Hunger
a - Sticks to Snakes      Tmut           #.......     10%         2    N/A

Your spell library contained the following spells:

 Spells                   Type           Power        Failure   Level  Hunger
 Ensorcelled Hibernation  Hex/Ice        #.....       30%         2    N/A
 Throw Frost              Conj/Ice       #.....       30%         2    N/A
 Beastly Appendage        Tmut           Unusable     N/A         1    N/A
 Spider Form              Tmut/Pois      Unusable     N/A         3    N/A
 Ice Form                 Ice/Tmut       Unusable     N/A         4    N/A
 Blade Hands              Tmut           Unusable     N/A         5    N/A

Dungeon Overview and Level Annotations

Branches:
Dungeon (5/15)
 Temple: D:4-7

Altars:
Vehumet

Shops:
D:5 :

Annotations:
D:1 exclusion: downstairs


Innate Abilities, Weirdness & Mutations

You do not eat or drink.
Your flesh is vulnerable to fire.
You are immune to poison.
Your flesh is cold resistant. (rC+)
You are immune to negative energy. (rN+++)
You are immune to unholy pain and torment.
You can survive without breathing.


Message History

You see here an arrow.
As you read the scroll of fog, it crumbles to dust.
The scroll dissolves into smoke.
The centaur shoots an arrow.
The arrow hits you.
* * * LOW HITPOINT WARNING * * *
You see here an arrow.
You can't drink.
As you read the scroll labeled AJOREBB GYTS, it crumbles to dust.
You feel blessed for a moment.
It was a scroll of remove curse.
Unknown command.
As you read the scroll labeled ZUOZIM UNTOPH, it crumbles to dust.
You feel aware of your surroundings.
It was a scroll of magic mapping.
The centaur unwields a +0 shortbow.
The centaur hits you.
* * * LOW HITPOINT WARNING * * *
Blink to where?
Press: ? - help, Dir - move target cursor, p - centaur
As you read the scroll labeled VOR ZECWEWOIHE, it crumbles to dust.
It was a scroll of blinking.
The centaur wields a +0 shortbow.
The centaur shoots an arrow.
The arrow hits you!
You die...

###### #§§§§# #§##c# ####**
#§##§# #....###(##@#
#....c(c..#§# #....######.#
####### # ####........#
****#...∩.###
********#.......#####.#,+.....##.
*,,,,,,,...##.........#.#.....##.
*,,,,,,,,,,*#.#...###.#)#.....##.
*,,,,,,,,,,*#.#.#####.#.##.......
*,,,,,*,,,,,.,#....##.......#####


You could see a centaur.

Vanquished Creatures
  An ogre (D:4)
  Blork the orc (D:3)
  A hound (D:3)
  3 orc priests
  3 orc wizards (D:4)
  2 worker ants (D:4)
  A hound zombie (D:5)
  7 gnolls
  8 adders
  2 worms (D:2)
  2 dart slugs
  A leopard gecko (D:4)
  18 orcs
  4 ball pythons
  2 giant cockroaches
  8 goblins
  6 hobgoblins
  4 jackals (D:1)
  4 quokkas
  8 bats
  3 frilled lizards
  7 kobolds
  A quokka skeleton (D:4)
  6 rats
103 creatures vanquished.

Vanquished Creatures (collateral kills)
  An orc priest (D:3)
  An orc wizard (D:4)
  A worker ant (D:4)
  2 adders
  An orc (D:3)
  A kobold (D:3)
  A ball python (D:3)
8 creatures vanquished.

Grand Total: 111 creatures vanquished

Notes
Turn   | Place    | Note
-------+----------+-------------------------------------------
     0 | D:1      | DrEnzyme the Mummy Wanderer began the quest for the Orb.
     0 | D:1      | DrEnzyme set off with the following items: a +0 hand
                  | crossbow, 25 bolts, a +0 robe; and the following spells
                  | available to memorise: Sticks to Snakes, Ensorcelled
                  | Hibernation, Throw Frost
     0 | D:1      | Reached XP level 1. HP: 16/16 MP: 1/1
   796 | D:1      | Reached XP level 2. HP: 22/23 MP: 2/2
  1238 | D:1      | Reached XP level 3. HP: 28/28 MP: 3/3
  2435 | D:2      | Reached skill level 1 in Spellcasting
  2443 | D:2      | Reached XP level 4. HP: 35/35 MP: 5/5
  3282 | D:2      | Learned a level 2 spell: Sticks to Snakes
  3696 | D:3      | Reached XP level 5. HP: 24/41 MP: 7/7
  5068 | D:3      | Found a faded altar of an unknown god.
  5118 | D:3      | Reached XP level 6. HP: 37/48 MP: 9/9
  5259 | D:4      | Found a radiant altar of Vehumet.
  5270 | D:4      | Noticed Blork the orc
  6060 | D:4      | Reached skill level 1 in Slings
  6060 | D:4      | Reached XP level 7. HP: 32/55 MP: 9/11
  6216 | D:5      | Entered Level 5 of the Dungeon
  6712 | D:3      | Killed Blork the orc
  7118 | D:5      | Found Kayntari's Book Boutique.
  7334 | D:5      | HP: 2/55 [centaur (5)]
  7335 | D:5      | Shot with an arrow by a centaur

Vault maps used:
D:1:      matt_arrival_spirals, serial_co_window_serial, co_window_paths_a,
          co_window_cross_1, co_window_corner_a, co_window_cross_1,
          co_window_paths_a, co_window_unsneaky_path_d,
          co_window_unsneaky_path_a, co_window_broadway_c,
          co_window_of_opportunity_b, co_window_broadway_c, co_window_cross_2,
          glass_columns_a
D:2:      serial_glass, glass_columns_b, glass_columns_a
D:3:      chequers_ecumenical_altar_twisty
D:4:      lemuel_crystal_altar, uniq_blork_the_orc
D:5:      serial_shops, shop, first_ration

Skill      XL: |  1  2  3  4  5  6  7 |
---------------+----------------------+-----
Crossbows      | 2 3 4 |  4.4
Fighting       | 3 4 |  4.7
Spellcasting   | 1 2 3 4 |  4.0
Slings         | 1 2 |  2.0
Throwing       | |  1.0
Transmutations | |  3.2
Ice Magic      | |  1.0
Evocations     | |  1.0

Action                   |  1- 3 |  4- 6 |  7- 9 || total
-------------------------+-------+-------+-------++-------
 Fire: Hand crossbow     |   123 |   138 |    14 ||   275
       Hunting sling     |       |    75 |    44 ||   119
Throw: Throwing net      |       |     1 |       ||     1
 Cast: Sticks to Snakes  |       |    16 |    16 ||    32
  Use: Scroll            |     1 |     9 |     6 ||    16
Armor: Robe              |     6 |    15 |     4 ||    25
Dodge: Dodged            |    37 |    88 |    19 ||   144

Table legend:
 A = Non-vault XP
 B = Vault XP
 C = Vault XP percentage of total XP
 D = Non-vault monster count
 E = Vault monster count
 F = Vault count percentage of total count
                 A         B        C        D         E       F
            +---------+---------+-------+---------+---------+-------
      Total |     949 |      80 |   7.8 |     110 |       1 |   0.9
            +---------+---------+-------+---------+---------+-------
        D:1 |      64 |       0 |   0.0 |      35 |       0 |   0.0
        D:2 |     143 |       0 |   0.0 |      25 |       0 |   0.0
        D:3 |     239 |      80 |  25.1 |      25 |       1 |   3.8
        D:4 |     459 |       0 |   0.0 |      22 |       0 |   0.0
        D:5 |      44 |       0 |   0.0 |       3 |       0 |   0.0
            +---------+---------+-------+---------+---------+-------
